AoeStats
← Horny

Golden Pit

508456361Analyzed
1v1 RM · 11d ago on Sep 22, 2026· 59m 2s· 2 players
Game mode
Random Map
Map size
Tiny (2 player)
Population
200
Speed
Normal
Resources
Standard
Victory
Conquest
Starting age
Dark Age
Ending age
Imperial Age
RankedLock teamsTeams togetherTeam positionsShared explorationLock speedFull tech treeHidden civsTurbo modeCheats
Victory
Defeat
🇩🇪 Japanese · Germany
1212
+14
🇸🇮 Japanese · Slovenia
1167
-14
Horny
11:41 Feudal Age
10:53 Loom
14:51 Double-Bit Axe
16:38 Fletching
18:06 Horse Collar
24:08 Castle Age
22:20 Padded Archer Armor
24:32 Wheelbarrow
23:43 Town Watch
24:43 Bodkin Arrow
24:10 Crossbowman
26:11 Gold Mining
27:05 Ballistics
27:35 Bow Saw
28:19 Elite Skirmisher
29:42 Leather Archer Armor
33:03 Heavy Plow
33:37 Stone Mining
34:48 Thumb Ring
35:54 Gold Shaft Mining
36:07 Scale Mail Armor
37:44 Forging
37:51 Chain Mail Armor
37:47 Forging
42:09 Imperial Age
40:29 Hand Cart
41:29 Iron Casting
42:23 Town Patrol
43:47 Bracer
45:07 Chemistry
48:04 Pikeman
48:48 Squires
48:35 Arson
49:48 Capped Ram
52:25 Halberdier
53:58 Ring Archer Armor
54:30 Plate Mail Armor
56:54 Blast Furnace
anserak_knadelbi
6:49 Loom
9:50 Feudal Age
10:31 Arson
12:01 Scale Mail Armor
12:50 Double-Bit Axe
12:52 Man-at-Arms
15:09 Padded Archer Armor
17:00 Fletching
24:35 Castle Age
24:50 Horse Collar
25:02 Gold Mining
25:02 Stone Mining
25:13 Bodkin Arrow
24:41 Elite Skirmisher
25:50 Leather Archer Armor
27:11 Wheelbarrow
27:01 Crossbowman
31:07 Bow Saw
33:28 Town Watch
35:25 Forging
35:30 Chain Mail Armor
36:05 Gold Shaft Mining
36:05 Guard Tower
36:36 Ballistics
36:59 Masonry
39:21 Yasama
43:25 Imperial Age
42:41 Hand Cart
42:46 Squires
43:45 Capped Ram
45:41 Iron Casting
46:07 Bracer
48:02 Hoardings
50:05 Kataparuto
51:08 Two-Man Saw
51:09 Blast Furnace
50:49 Conscription
51:15 Plate Mail Armor
51:57 Heavy Plow
52:41 Keep
51:51 Arrowslits
53:11 Chemistry
52:17 Siege Engineers
53:47 Treadmill Crane
57:09 Elite Samurai
59:50 Ring Archer Armor
Connection lost

Rejoining the realm…

Still unreachable

The connection could not be restored.

Session expired

The server has moved on; the page needs a fresh start.